 Dungeon Crawl Stone Soup version 0.28-a0-589-g333b8329f1 (webtiles) character file.

Game seed: 17484896515886467623

146 pokedragonboy the Conjurer (level 5, -3/28 HPs)
             Began as a Deep Elf Conjurer on Oct 4, 2021.
             Slain by Grinder (4 damage)
             ... while paralysed by Grinder
             ... on level 3 of the Dungeon.
             The game lasted 00:03:30 (2472 turns).

pokedragonboy the Conjurer (Deep Elf Conjurer)      Turns: 2472, Time: 00:03:31

Health: -3/28      AC:  2    Str:  4    XL:     5   Next: 7%
Magic:  1/14       EV:  2    Int: 24    God:
Gold:   45         SH:  0    Dex: 13    Spells: 10/13 levels left

rFire   . . .      SeeInvis .   a - +1 short sword (drain)
rCold   . . .      Faith    .   (no shield)
rNeg    . . .      Spirit   .   m - +0 robe
rPois   .          Reflect  .   (no helmet)
rElec   .          Harm     .   (no cloak)
rCorr   .          Rampage  .   (no gloves)
Will    .....                   (no boots)
Stlth   ++........              (no amulet)
HPRegen 0.09/turn               (no ring)
MPRegen 0.14/turn               (no ring)

@: paralysed
A: no striking features
a: no special abilities


You were on level 3 of the Dungeon.
You visited 1 branch of the dungeon, and saw 3 of its levels.

You collected 45 gold pieces.

Inventory:

Hand Weapons
 a - a +1 short sword of draining (weapon)
Armour
 m - a +0 robe (worn)
Scrolls
 b - a scroll of magic mapping {unknown}
 f - a scroll of immolation {unknown}
 h - a scroll of vulnerability {unknown}
 j - a scroll of identify
 k - a scroll of amnesia {unknown}
Potions
 c - a potion of brilliance {unknown}
 d - 2 potions of heal wounds
 e - 2 potions of haste
 g - a potion of degeneration {unknown}
 i - a potion of magic {unknown}
 l - a potion of curing {unknown}
 n - a potion of mutation {unknown}


   Skills:
 - Level 2.4 Dodging
 - Level 2.4 Stealth
 + Level 4.7 Spellcasting
 * Level 6.3 Conjurations


You had 10 spell levels left.
You knew the following spells:

 Your Spells              Type           Power      Damage    Failure   Level
a - Magic Dart            Conj           100%       1d8       1%          1
b - Searing Ray           Conj           72%        2d7       1%          2

Your spell library contained the following spells:

 Spells                   Type           Power      Damage    Failure   Level
 Dazzling Flash           Conj/Hex       40%        N/A       8%          3
 Fulminant Prism          Conj/Hex       10%        3d9       24%         4
 Iskenderun's Mystic Bla  Conj/Tloc      20%        2d6       24%         4


Dungeon Overview and Level Annotations

Branches:
Dungeon (3/15)

Altars:

Shops:
D:1 [

Annotations:
D:2 1 runed translucent door, Crazy Yiuf
D:3 Grinder


Message History

Casting: Searing Ray (safe; 1% risk of failure)
Confirm with . or Enter, or press ? or * to list all spells.
Aiming: Searing Ray (safe; 1% risk of failure)
Press: ? - help, Shift-Dir - straight line, f/p - Grinder
Aim: Grinder (severely wounded, 78% to hit)
The searing ray misses Grinder. (Press . to maintain the ray.)
The searing ray hits Grinder!
Grinder is almost dead.
Grinder gestures at you.
You suddenly lose the ability to move!
Grinder blinks!
Grinder gestures at you.
You shrug off the repeated paralysis!
Grinder gestures at you. Pain shoots through your body!
* * * LOW HITPOINT WARNING * * *
You can move again.
Casting: Searing Ray (safe; 1% risk of failure)
Confirm with . or Enter, or press ? or * to list all spells.
Aiming: Searing Ray (safe; 1% risk of failure)
Press: ? - help, Shift-Dir - straight line, f/p - Grinder
Aim: Grinder (almost dead, 78% to hit)
The searing ray hits Grinder.
Grinder is almost dead. (Press . to maintain the ray.) Grinder gestures at you.
You shrug off the repeated paralysis!
The searing ray hits Grinder.
Grinder is almost dead.
Grinder gestures at you.
You suddenly lose the ability to move!
Grinder gestures at you.
You struggle to resist.
Grinder gestures at you.
You shrug off the repeated paralysis!
Grinder hits you!
* * * LOW HITPOINT WARNING * * *
You writhe in agony.
You die...

####.# #.# #.# #
#.# #.# #.# .# #
#.# ##.###.# .#
####.###...##.# .#
##...##.###.#.# .#
#.#.#.## ##..###.#
#.....# #....#.#
##.....#####..#.#5#
#.......#.#.#...@.#
#.................#
#.÷.....#.###†...##
..........###.#.##
##............#.#
#.#.####.....>.#
##.#.####.#######
#.........#
.....######


You could see Grinder.

Vanquished Creatures
  Terence (D:2)
  Natasha (thrice) (D:2)
  2 dart slugs
  An orc (D:2)
  4 endoplasms
  2 giant cockroaches
  6 goblins
  A hobgoblin (D:3)
  4 kobolds
  4 quokkas
  6 ball pythons
  3 bats
  3 frilled lizards
  2 rats
42 creatures vanquished.

Notes
Turn   | Place    | Note
-------+----------+-------------------------------------------
     0 | D:1      | pokedragonboy the Deep Elf Conjurer began the quest for the
                  | Orb.
     0 | D:1      | Reached XP level 1. HP: 10/10 MP: 6/6
   270 | D:1      | Found a faded altar of an unknown god.
   336 | D:1      | Found Xuaj's Armour Boutique.
   369 | D:1      | Reached XP level 2. HP: 15/15 MP: 6/8
   486 | D:1      | Learned a level 2 spell: Searing Ray
   945 | D:2      | Reached skill level 5 in Conjurations
  1187 | D:2      | Reached XP level 3. HP: 19/19 MP: 8/10
  1296 | D:2      | Found a runed translucent door.
  1297 | D:2      | Noticed Crazy Yiuf
  1320 | D:2      | Noticed Natasha
  1324 | D:2      | Killed Natasha
  1495 | D:2      | Noticed Natasha
  1503 | D:2      | Killed Natasha
  1504 | D:2      | Reached XP level 4. HP: 24/24 MP: 2/12
  1702 | D:2      | Noticed Terence
  1713 | D:2      | Killed Terence
  1714 | D:2      | Reached skill level 6 in Conjurations
  1925 | D:2      | Noticed Natasha
  1932 | D:2      | Killed Natasha
  2092 | D:3      | Reached XP level 5. HP: 28/28 MP: 8/13
  2451 | D:3      | Noticed Grinder
  2462 | D:3      | Paralysed by Grinder for 6 turns
  2469 | D:3      | Paralysed by Grinder for 4 turns
  2472 | D:3      | HP: 1/28 [Grinder (7)]
  2472 | D:3      | Slain by Grinder

Illustrated notes

Levels and vault maps discovered:
D:1:      evilmike_arrival_rings, layout_rooms, serial_shops,
          nicolae_shop_stone, chequers_ecumenical_altar_island,
          chequers_serial_rivers_large_b, chequers_serial_rivers_micro_a,
          hangedman_decor_points
D:2:      layout_rooms, uniq_natasha, uniq_terence, uniq_crazy_yiuf_cottage
D:3:      layout_loops_ring, mrwooster_statue_mirror, uniq_grinder

Skill      XL: |  1  2  3  4 |
---------------+-------------+-----
Conjurations   | 5 6 |  6.3
Spellcasting   | 4 |  4.7
Dodging        | |  2.4
Stealth        | |  2.4

Action                   |  1- 3 |  4- 6 || total
-------------------------+-------+-------++-------
 Cast: Magic Dart        |    46 |    37 ||    83
       Searing Ray       |     2 |     6 ||     8
  Use: Scroll            |       |     2 ||     2
Armor: Robe              |     2 |     1 ||     3
Dodge: Dodged            |     2 |     2 ||     4

Table legend: (Time is in decaauts)
 A = Elapsed time spent in this place.
 B = Non-inter-level travel time spent in this place.
 C = Inter-level travel time spent in this place.
 D = Time resting spent in this place.
 E = Time spent auto-exploring this place.
 F = Levels seen in this place.
 G = Mean time per level.
                   A        B        C        D        E       F      G
               +--------+--------+--------+--------+--------+-----+--------+
         Total |   2498 |   2434 |     64 |    372 |   1833 |   3 |  832.7 |
       Dungeon |   2498 |   2434 |     64 |    372 |   1833 |   3 |  832.7 |
               +--------+--------+--------+--------+--------+-----+--------+

Top non-repeatable levels by time:
     D:2: 1223 daAuts
     D:1: 847 daAuts
     D:3: 427 daAuts
